 Dungeon Crawl Stone Soup version 0.31-a0-354-g827e0957a7 (webtiles) character file.

Game seed: 1299386835752423027

606 cforsyth the Charlatan (level 7, 0/53 HPs)
             Began as a Gnoll Artificer on July 23, 2023.
             Slain by an orc
             ... wielding a +0 mace
              (2 damage)
             ... on level 5 of the Dungeon.
             The game lasted 00:07:17 (3885 turns).

cforsyth the Charlatan (Gnoll Artificer)            Turns: 3885, Time: 00:07:18

Health: 0/53       AC:  4    Str: 11    XL:     7   Next: 42%
Magic:  10/10      EV: 13    Int: 13    God:
Gold:   190        SH:  0    Dex: 16    Spells: 11/11 levels left

rFire   . . .        m - +5 war axe of Upaibey {vamp, rC- rN++ Dex+4}
rCold   x . .        (no shield)
rNeg    + + .        b - +0 leather armour
rPois   .            t - +1 hat
rElec   .            (no cloak)
rCorr   .            (no gloves)
SInv    .            (no boots)
Will    .....        (no amulet)
Stlth   ++           (no ring)
HPRegen 0.28/turn    (no ring)
MPRegen 0.12/turn

%: no passive effects
@: mighty
A: fangs 1, strong nose, distributed training
a: no special abilities


You were on level 5 of the Dungeon.
You visited 1 branch of the dungeon, and saw 5 of its levels.

You collected 190 gold pieces.

Inventory:

Hand Weapons
 a - a +0 club
 m - the +5 war axe of Upaibey (weapon) {vamp, rC- rN++ Dex+4}
   (You found it on level 3 of the Dungeon)

   Dex:       It affects your dexterity (+4).
   rC:        It makes you vulnerable to cold.
   rN:        It greatly protects you from negative energy.
Armour
 b - a +0 leather armour (worn)
 t - a +1 hat (worn)
Talismans
 v - a blade talisman
Wands
 d - a wand of charming (15)
 e - a wand of iceblast (3)
 i - a wand of roots (11)
 y - a wand of quicksilver (7)
Scrolls
 g - a scroll of poison {unknown}
 j - 2 scrolls of blinking {unknown}
 k - a scroll of identify {unknown}
 l - a scroll of butterflies {unknown}
 n - a scroll of enchant weapon {unknown}
 p - a scroll of amnesia {unknown}
 s - a scroll of brand weapon {unknown}
 u - a scroll of vulnerability {unknown}
 w - a scroll of teleportation {unknown}
 x - a scroll of fog {unknown}
Potions
 f - a potion of brilliance {unknown}
 h - a potion of might
 o - a potion of magic
 q - a potion of resistance {unknown}
 r - a potion of heal wounds {unknown}


   Skills:
 + Level 3.6 Fighting
 + Level 2.5 Short Blades
 + Level 2.5 Long Blades
 + Level 2.5 Axes
 + Level 2.5 Maces & Flails
 + Level 2.5 Polearms
 + Level 2.5 Staves
 + Level 2.5 Ranged Weapons
 + Level 2.5 Throwing
 + Level 5.2 Armour
 + Level 3.6 Dodging
 + Level 3.5 Stealth
 + Level 2.5 Shields
 + Level 2.5 Unarmed Combat
 + Level 2.5 Spellcasting
 + Level 2.0 Conjurations
 + Level 2.0 Hexes
 + Level 2.0 Summonings
 + Level 2.0 Necromancy
 + Level 2.0 Translocations
 + Level 2.0 Transmutations
 + Level 2.0 Fire Magic
 + Level 2.0 Ice Magic
 + Level 2.0 Air Magic
 + Level 2.0 Earth Magic
 + Level 2.0 Poison Magic
 + Level 2.8 Invocations
 + Level 7.0 Evocations
 + Level 2.0 Shapeshifting


You had 11 spell levels left.
You didn't know any spells.
Your spell library was empty.

Dungeon Overview and Level Annotations

Branches:
Dungeon (5/15)
 Temple: D:4-7

Altars:
Cheibriados


Innate Abilities, Weirdness & Mutations

You have very sharp teeth.
Your uncanny sense of smell can sniff out nearby items.
Your experience applies equally to all skills.


Message History

You slash the elf skeleton! You bite the elf skeleton.
The elf skeleton is severely damaged.
The gnoll closely misses you. The elf skeleton hits you.
The gnoll barely misses you.
You hit the elf skeleton but do no damage.
The elf skeleton is severely damaged.
You hit the orc. The elf skeleton barely misses you.
The gnoll hits you from afar with a +0 halberd.
The orc hits you but does no damage.
You slash the elf skeleton!
You bite the elf skeleton, but do no damage.
The elf skeleton is severely damaged.
You hit the orc.
You feel better.
You kill the orc!
The gnoll misses you. The elf skeleton hits you!
The orc hits you with a +0 mace. The gnoll misses you.
You slash the elf skeleton!
The elf skeleton is almost destroyed.
You completely miss the orc. The elf skeleton hits you.
The gnoll hits you from afar with a +0 halberd!
* * * LOW HITPOINT WARNING * * *
The gnoll bouda barks out a call to the hunt!
The gnoll picks up the pace!
The orc barely misses you. The elf skeleton closely misses you.
You hit the elf skeleton.
The elf skeleton is almost destroyed.
You hit the orc. The gnoll barely misses you. The orc misses you.
The elf skeleton hits you.
* * * LOW HITPOINT WARNING * * *
You hit the elf skeleton. You punch the elf skeleton.
You destroy the elf skeleton!
You completely miss the orc. The gnoll barely misses you.
The orc closely misses you. The orc completely misses you.
It was a potion of magic.
Magic courses through your body. The orc misses you.
It was a potion of might.
You feel very mighty all of a sudden.
The gnoll hits you from afar with a +0 halberd.
* * * LOW HITPOINT WARNING * * *
The orc hits you with a +0 mace.
You die...

#############..## #....
#...### #.... ##....#
#.... #....## ##.##
###...# #.# #### #)).#
#.# #.. ##<.# #)#
#.######## ###.##
##@'...# ###...>.
##og###+# #...##.. #g)##
#...##.. #)## #.#.....
#o# #.####.. #.#
####.... #.#$###
#....#..
##.....#########...##..
#.g.o.J..J..)).......#..


You could see a gnoll bouda, an orc priest, a gnoll (swift) and an orc.

Vanquished Creatures
  2 ogres (D:5)
  A phantom (D:5)
  An elf skeleton (D:5)
  A jelly (D:5)
  2 orc priests
  A hound (D:3)
  4 gnolls (D:5)
  5 adders
  A river rat (D:3)
  2 dart slugs
  A worm (D:2)
  11 orcs
  7 endoplasms
  3 giant cockroaches
  5 goblins
  7 hobgoblins
  2 jackals (D:1)
  7 kobolds
  2 quokkas
  11 ball pythons
  5 bats
  A frilled lizard (D:3)
  6 rats
88 creatures vanquished.

Notes
Turn   | Place    | Note
-------+----------+-------------------------------------------
     0 | D:1      | cforsyth the Gnoll Artificer began the quest for the Orb.
     0 | D:1      | Reached XP level 1. HP: 17/17 MP: 1/1
   154 | D:1      | Reached XP level 2. HP: 2/23 MP: 2/2
   605 | D:1      | Reached XP level 3. HP: 27/28 MP: 3/3
   963 | D:2      | Reached skill level 1 in Invocations
  1300 | D:2      | Reached skill level 1 in Short Blades
  1300 | D:2      | Reached skill level 1 in Long Blades
  1300 | D:2      | Reached skill level 1 in Axes
  1300 | D:2      | Reached skill level 1 in Maces & Flails
  1300 | D:2      | Reached skill level 1 in Polearms
  1300 | D:2      | Reached skill level 1 in Staves
  1300 | D:2      | Reached skill level 1 in Ranged Weapons
  1300 | D:2      | Reached skill level 1 in Throwing
  1300 | D:2      | Reached skill level 1 in Shields
  1300 | D:2      | Reached skill level 1 in Unarmed Combat
  1300 | D:2      | Reached skill level 1 in Spellcasting
  1403 | D:2      | Reached XP level 4. HP: 17/34 MP: 5/5
  1979 | D:2      | Found a snail-covered altar of Cheibriados.
  2113 | D:3      | Identified the +5 war axe of Upaibey {vamp, rC- rN++ Dex+4}
  2182 | D:3      | Reached skill level 1 in Conjurations
  2182 | D:3      | Reached skill level 1 in Hexes
  2182 | D:3      | Reached skill level 1 in Summonings
  2182 | D:3      | Reached skill level 1 in Necromancy
  2182 | D:3      | Reached skill level 1 in Translocations
  2182 | D:3      | Reached skill level 1 in Transmutations
  2182 | D:3      | Reached skill level 1 in Fire Magic
  2182 | D:3      | Reached skill level 1 in Ice Magic
  2182 | D:3      | Reached skill level 1 in Air Magic
  2182 | D:3      | Reached skill level 1 in Earth Magic
  2182 | D:3      | Reached skill level 1 in Poison Magic
  2182 | D:3      | Reached skill level 1 in Shapeshifting
  2583 | D:3      | Found a glowing drain.
  2825 | D:3      | Reached XP level 5. HP: 28/40 MP: 5/7
  3731 | D:5      | Entered Level 5 of the Dungeon
  3746 | D:5      | Reached XP level 6. HP: 47/47 MP: 8/8
  3798 | D:5      | Reached skill level 5 in Armour
  3851 | D:5      | Reached skill level 7 in Evocations
  3851 | D:5      | Reached XP level 7. HP: 43/52 MP: 10/10
  3885 | D:5      | HP: 2/53 [gnoll/+0 halberd[a gnoll bouda] (6)]
  3885 | D:5      | Slain by an orc

Illustrated notes

Levels and vault maps discovered:
D:1:      ncdulo_watergridlock, layout_basic, serial_bayou,
          serial_bayou_lagoon_a, serial_bayou_pond_a, serial_bayou_pond_b,
          serial_bayou_crossing
D:2:      minmay_chambers_of_twos, layout_basic, basic_altar
D:3:      layout_rooms, portal_sewer_entry_e, nicolae_houndstooth_variations
D:4:      layout_basic
D:5:      layout_rooms, nicolae_overflow_hidden_temple,
          nicolae_ossuary_entry_catacombs, ebering_ghost_reflecting_pool,
          uniq_duvessa

Skill      XL: |  1  2  3  4  5  6  7 |
---------------+----------------------+-----
Invocations    | 1 2 |  2.8
Short Blades   | 1 2 |  2.5
Long Blades    | 1 2 |  2.5
Axes           | 1 2 |  2.5
Maces & Flails | 1 2 |  2.5
Polearms       | 1 2 |  2.5
Staves         | 1 2 |  2.5
Ranged Weapons | 1 2 |  2.5
Throwing       | 1 2 |  2.5
Shields        | 1 2 |  2.5
Unarmed Combat | 1 2 |  2.5
Spellcasting   | 1 2 |  2.5
Conjurations   | 1 2 |  2.0
Hexes          | 1 2 |  2.0
Summonings     | 1 2 |  2.0
Necromancy     | 1 2 |  2.0
Translocations | 1 2 |  2.0
Transmutations | 1 2 |  2.0
Fire Magic     | 1 2 |  2.0
Ice Magic      | 1 2 |  2.0
Air Magic      | 1 2 |  2.0
Earth Magic    | 1 2 |  2.0
Poison Magic   | 1 2 |  2.0
Shapeshifting  | 1 2 |  2.0
Fighting       | 3 |  3.6
Dodging        | 3 |  3.6
Stealth        | 3 |  3.5
Armour         | 5 |  5.2
Evocations     | 7 |  7.0

Action                     |  1- 3 |  4- 6 |  7- 9 || total
---------------------------+-------+-------+-------++-------
  Melee: Club              |   129 |    71 |       ||   200
         Bite              |    12 |    12 |     3 ||    27
         Punch             |     3 |     1 |     1 ||     5
         War axe           |       |    83 |    12 ||    95
  Evoke: Wand              |     3 |    10 |     5 ||    18
    Use: Potion            |       |       |     2 ||     2
   Stab: Sleeping          |     1 |     1 |       ||     2
         Distracted        |       |     2 |       ||     2
 Armour: Leather armour    |    66 |    33 |     1 ||   100
  Dodge: Dodged            |   152 |   108 |    26 ||   286

Table legend: (Time is in decaauts)
 A = Elapsed time spent in this place.
 B = Non-inter-level travel time spent in this place.
 C = Inter-level travel time spent in this place.
 D = Time resting spent in this place.
 E = Time spent auto-exploring this place.
 F = Levels seen in this place.
 G = Mean time per level.
                   A        B        C        D        E       F      G
               +--------+--------+--------+--------+--------+-----+--------+
         Total |   3987 |   3918 |     69 |    195 |   2725 |   5 |  797.4 |
       Dungeon |   3987 |   3918 |     69 |    195 |   2725 |   5 |  797.4 |
               +--------+--------+--------+--------+--------+-----+--------+

Top non-repeatable levels by time:
     D:2: 1216 daAuts
     D:1: 942 daAuts
     D:4: 849 daAuts
     D:3: 821 daAuts
     D:5: 157 daAuts
